 Dungeon Crawl Stone Soup version 0.31-a0-152-g6aa68a64a1 (webtiles) character file.

Game seed: 14631198785198854624

1129 qw the Shooter (level 8, -1/65 (72) HPs)
             Began as a Naga Hunter on June 11, 2023.
             Was a Follower of Okawaru.
             Slain by a wight
             ... wielding a +4 falchion
              (7 damage)
             ... on level 6 of the Dungeon.
             The game lasted 00:01:40 (4736 turns).

qw the Shooter (Naga Hunter)                        Turns: 4736, Time: 00:01:40

HP:   -1/65 (72)    AC: 14    Str: 15    XL:     8   Next: 35%
MP:   9/11          EV: 12    Int:  9    God:    Okawaru [*.....]
Gold: 218           SH:  0    Dex: 22    Spells: 7/7 levels left

rFire   . . .        Y - +0 arbalest
rCold   . . .        (shield currently unavailable)
rNeg    . . .        c - +0 leather armour
rPois   +            b - +0 helmet
rElec   .            e - +0 cloak
rCorr   .            l - +0 pair of gloves
SInv    +            f - +0 barding of the Skies Above {Rampage rPois Will+}
Will    ++...        (no amulet)
Stlth   ++++         a - +6 ring of dexterity
HPRegen 0.30/turn    (no ring)
MPRegen 0.12/turn

%: rampage
@: heroic, drained, very slow
A: AC +2, large, see invisible, deformed body, poison resistance, slowness 2,
spit poison 1, naga tail 1
a: Spit Poison, Renounce Religion, Heroism


You were on level 6 of the Dungeon.
You worshipped Okawaru.
Okawaru was aware of your devotion.
You visited 2 branches of the dungeon, and saw 7 of its levels.

You collected 218 gold pieces.


Innate Abilities, Weirdness & Mutations

Your serpentine skin is tough. (AC +2)
You have supernaturally acute eyesight. (SInv)
Armour fits poorly on your strangely shaped body.
Your system is resistant to poisons. (rPois)
You cover ground very slowly.
You can spit poison.
You have a snake-like lower body.


   Skills:
 - Level 4.0(9.0) Fighting
 + Level 7.6(12.6) Ranged Weapons
 - Level 2.1(7.1) Armour
 - Level 2.0(7.0) Dodging
 - Level 1.5(6.5) Stealth
 - Level 4.1 Invocations


You had 7 spell levels left.
You didn't know any spells.
Your spell library was empty.

Inventory:

Hand Weapons
 Y - a +0 arbalest (weapon)
Armour
 b - a +0 helmet (worn)
 c - a +0 leather armour (worn)
 e - a +0 cloak (worn)
 f - the +0 barding of the Skies Above (worn) {Rampage rPois Will+}
   (You acquired it on level 5 of the Dungeon)

   rPois:     It protects you from poison.
   Rampage:   It bestows one free step when moving towards enemies.
   Will:      It increases your willpower.
 l - a +0 pair of gloves (worn)
Jewellery
 a - a +6 ring of dexterity (left hand)
Scrolls
 d - a scroll of identify
Potions
 g - 2 potions of curing
 h - a potion of haste
 i - a potion of cancellation
 k - a potion of resistance {unknown}

Dungeon Overview and Level Annotations

Branches:
Dungeon (6/15)             Temple (1/1) D:4

Altars:
Ashenzari
Dithmenos
Elyvilon
Fedhas
Kikubaaqudgha
Nemelex Xobeh
Okawaru
Qazlal
Ru
Sif Muna
Vehumet
Xom
Yredelemnul
Zin

Shops:
D:3 (


Message History

The adder is severely wounded.
The adder bites you but does no damage. The adder bites you.
You shoot a bolt. The bolt closely misses the adder.
The adder bites you.
You are poisoned.
The adder poisons you! The wight hits you with a +0 falchion.
You feel drained. The adder bites you but does no damage.
The wight completely misses you.
You shoot a bolt. The bolt barely misses the adder.
You have got your breath back.
You feel sick. The adder closely misses you.
The wight hits you with a +4 falchion.
You feel drained. The wight hits you with a +0 falchion.
You feel drained. The adder bites you but does no damage.
4731 ||| INVOKING Spit Poison.
Aiming: Spit Poison (1% risk of failure)
Press: ? - help, Shift-Dir - straight line, f/p - adder The splash of poison misses the adder.
You feel sick. The wight hits you with a +4 falchion.
The wight hits you but does no damage. The adder bites you but does no damage.
4732 ||| INVOKING Heroism.
You gain the combat prowess of a mighty hero.
You feel sick. The adder bites you but does no damage.
The wight closely misses you. The wight barely misses you.
You shoot a bolt. The bolt hits the adder.
You kill the adder!
Okawaru accepts your kill.
You feel sick. The wight hits you with a +4 falchion!
You feel drained. The wight hits you with a +0 falchion!
You shoot a bolt. The bolt closely misses the wight.
You have got your breath back.
You feel sick.
You are no longer poisoned.
The wight hits you but does no damage. x3
The wight hits you with a +4 falchion!
You shoot a bolt. The bolt closely misses the wight.
The wight barely misses you. The wight completely misses you.
You shoot a bolt.
The bolt hits the wight but does no damage.
The wight hits you with a +4 falchion!
You die...

#..........#
#.###.##...# .#
#.##..#.....#
#.##..##...#
#.##..###.###
#...........#
####).......#
#)........
#z@....>.#
......z.%......
####...........
#...........
#......../.#
##........##
##...#...#
##.##..##


You could see 2 wights.

Vanquished Creatures
  A black bear (D:5)
  An ogre (D:6)
  2 phantoms (D:5)
  A bullfrog (D:6)
  2 scorpions
  2 wights (D:6)
  3 orc priests
  2 hounds
  A sleepcap (D:4)
  Natasha (D:4)
  3 orc wizards
  Robin (D:2)
  7 gnolls
  7 adders
  2 worms
  2 dart slugs
  22 orcs
  5 bats
  7 endoplasms
  3 giant cockroaches
  14 goblins
  2 hobgoblins (D:2)
  3 jackals (D:1)
  6 kobolds
  2 quokkas
  4 ball pythons
  4 frilled lizards
  2 rats (D:3)
112 creatures vanquished.

Notes
Turn   | Place    | Note
-------+----------+-------------------------------------------
     0 | D:1      | qw the Naga Hunter began the quest for the Orb.
     0 | D:1      | Reached XP level 1. HP: 19/19 MP: 1/1
     0 | D:1      | 0 ||| qw: Version: 0.2-a-29-gdad1ea2
     0 | D:1      | 0 ||| qw: Game counter: 4046
     0 | D:1      | 0 ||| qw: Always use a shield: true
     0 | D:1      | 0 ||| qw: God list: Okawaru
     0 | D:1      | 0 ||| qw: Allow faded altars: false
     0 | D:1      | 0 ||| qw: Do Orc after D:15 true
     0 | D:1      | 0 ||| qw: Do second Lair branch before Depths: true
     0 | D:1      | 0 ||| qw: Lair rune preference: random
     0 | D:1      | 0 ||| qw: Plans: Normal
     0 | D:1      | 0 ||| PLANNING D:1-11
    14 | D:1      | 14 ||| INVOKING Spit Poison.
    18 | D:1      | 18 ||| INVOKING Spit Poison.
    31 | D:1      | 31 ||| INVOKING Spit Poison.
    52 | D:1      | 52 ||| INVOKING Spit Poison.
    57 | D:1      | 57 ||| INVOKING Spit Poison.
    60 | D:1      | Reached skill level 4 in Ranged Weapons
    60 | D:1      | Reached XP level 2. HP: 10/26 MP: 2/2
    61 | D:1      | HP: 4/26 [frozen (5)]
   200 | D:1      | 200 ||| INVOKING Spit Poison.
   378 | D:1      | 378 ||| INVOKING Spit Poison.
   506 | D:1      | 506 ||| INVOKING Spit Poison.
   510 | D:1      | 510 ||| INVOKING Spit Poison.
   577 | D:1      | 577 ||| INVOKING Spit Poison.
   578 | D:1      | 578 ||| INVOKING Spit Poison.
   639 | D:1      | 639 ||| DROPPING ring of magical power.
   640 | D:1      | 640 ||| READING scroll labelled GURHIMOTOE.
   641 | D:1      | 641 ||| READING scroll labelled JEQIUCS MUNE.
   642 | D:1      | 642 ||| READING scroll labelled OVEKKO CUORU.
   643 | D:1      | 643 ||| DROPPING scroll of butterflies.
   697 | D:2      | 697 ||| INVOKING Spit Poison.
   702 | D:2      | 702 ||| INVOKING Spit Poison.
   705 | D:2      | 705 ||| INVOKING Spit Poison.
   705 | D:2      | Noticed Robin
   706 | D:2      | 706 ||| Stepping ~*~*~tactically~*~*~ (outnumbered).
   708 | D:2      | Reached XP level 3. HP: 32/32 MP: 3/3
   710 | D:2      | 710 ||| INVOKING Spit Poison.
   714 | D:2      | 714 ||| INVOKING Spit Poison.
   719 | D:2      | Killed Robin
   720 | D:2      | 720 ||| INVOKING Spit Poison.
   790 | D:2      | 790 ||| SWAPPING to +2 heavy sling.
   791 | D:2      | 791 ||| DROPPING +0 shortbow.
   816 | D:2      | 816 ||| INVOKING Spit Poison.
  1105 | D:2      | You fall into a shaft and drop 2 floors!
  1106 | D:4      | 1106 ||| UPGRADING to +0 helmet.
  1111 | D:4      | 1111 ||| READING scroll labelled AKHUAC EFOE.
  1112 | D:4      | 1112 ||| READING 5 scrolls labelled POTOYLO ZAGHU.
  1113 | D:4      | 1113 ||| READING scroll labelled HAYLUFI PUFURGH.
  1114 | D:4      | 1114 ||| READING scroll labelled UKAMUM VIRGH.
  1115 | D:4      | 1115 ||| DRINKING 2 clear potions.
  1116 | D:4      | 1116 ||| DROPPING 4 scrolls of fog.
  1123 | D:3      | 1123 ||| INVOKING Spit Poison.
  1147 | D:3      | 1147 ||| INVOKING Spit Poison.
  1149 | D:3      | Reached skill level 5 in Ranged Weapons
  1149 | D:3      | Reached XP level 4. HP: 39/39 MP: 4/4
  1150 | D:3      | 1150 ||| INVOKING Spit Poison.
  1153 | D:3      | 1153 ||| INVOKING Spit Poison.
  1180 | D:3      | 1180 ||| UPGRADING to +0 cloak.
  1260 | D:2      | 1260 ||| INVOKING Spit Poison.
  1310 | D:2      | 1310 ||| INVOKING Spit Poison.
  1380 | D:2      | 1380 ||| INVOKING Spit Poison.
  1478 | D:3      | 1478 ||| INVOKING Spit Poison.
  1482 | D:3      | 1482 ||| INVOKING Spit Poison.
  1515 | D:3      | 1515 ||| INVOKING Spit Poison.
  1518 | D:3      | Reached skill level 3 in Fighting
  1553 | D:3      | Found Kiajewk's Weapon Emporium.
  1556 | D:3      | 1556 ||| INVOKING Spit Poison.
  1560 | D:3      | Reached XP level 5. HP: 48/49 MP: 5/5
  1561 | D:3      | 1561 ||| INVOKING Spit Poison.
  1684 | D:3      | Found a stormy altar of Qazlal.
  1688 | D:3      | 1688 ||| READING 2 scrolls of identify.
  1688 | D:3      | 1688 ||| IDENTIFYING murky puce potion
  1689 | D:3      | 1689 ||| DROPPING potion of lignification.
  1693 | D:3      | 1693 ||| INVOKING Spit Poison.
  1714 | D:3      | 1714 ||| INVOKING Spit Poison.
  1718 | D:3      | 1718 ||| INVOKING Spit Poison.
  1721 | D:3      | 1721 ||| INVOKING Spit Poison.
  1724 | D:3      | 1724 ||| INVOKING Spit Poison.
  1727 | D:3      | 1727 ||| INVOKING Spit Poison.
  1870 | D:3      | 1870 ||| INVOKING Spit Poison.
  1911 | D:3      | 1911 ||| INVOKING Spit Poison.
  1997 | D:3      | 1997 ||| INVOKING Spit Poison.
  2091 | D:3      | 2091 ||| INVOKING Spit Poison.
  2094 | D:3      | 2094 ||| INVOKING Spit Poison.
  2206 | D:3      | 2206 ||| DRINKING 2 fizzy brown potions.
  2207 | D:3      | 2207 ||| READING 2 scrolls of identify.
  2207 | D:3      | 2207 ||| IDENTIFYING lumpy inky potion
  2208 | D:3      | 2208 ||| DROPPING potion of magic.
  2233 | D:4      | 2233 ||| INVOKING Spit Poison.
  2237 | D:4      | 2237 ||| INVOKING Spit Poison.
  2239 | D:4      | 2239 ||| FLEEEEING.
  2240 | D:4      | 2240 ||| FLEEEEING.
  2241 | D:4      | 2241 ||| STAIRDANCE
  2260 | D:4      | 2260 ||| STAIRDANCE
  2262 | D:3      | 2262 ||| INVOKING Spit Poison.
  2265 | D:3      | HP: 12/49 [gnoll/+0 flail (2)]
  2266 | D:3      | 2266 ||| INVOKING Spit Poison.
  2426 | D:4      | Found a staircase to the Ecumenical Temple.
  2427 | D:4      | 2427 ||| PLANNING TEMPLE
  2435 | Temple   | Entered the Ecumenical Temple
  2437 | Temple   | 2437 ||| PLANNING OKAWARU WORSHIP
  2572 | Temple   | Became a worshipper of Warmaster Okawaru
  2572 | Temple   | 2572 ||| PLANNING D:1-11
  2659 | D:4      | 2659 ||| INVOKING Spit Poison.
  2664 | D:4      | 2664 ||| INVOKING Spit Poison.
  2667 | D:4      | Reached skill level 6 in Ranged Weapons
  2667 | D:4      | Reached XP level 6. HP: 43/56 MP: 6/6
  2718 | D:4      | Found a shadowy altar of Dithmenos.
  2728 | D:4      | 2728 ||| INVOKING Spit Poison.
  2913 | D:4      | 2913 ||| INVOKING Spit Poison.
  2918 | D:4      | 2918 ||| INVOKING Spit Poison.
  2952 | D:4      | 2952 ||| INVOKING Spit Poison.
  2967 | D:4      | 2967 ||| INVOKING Spit Poison.
  2971 | D:4      | 2971 ||| INVOKING Spit Poison.
  2974 | D:4      | 2974 ||| INVOKING Spit Poison.
  3033 | D:4      | Found a blossoming altar of Fedhas.
  3095 | D:4      | 3095 ||| INVOKING Spit Poison.
  3106 | D:4      | 3106 ||| Stepping ~*~*~tactically~*~*~ (outnumbered).
  3107 | D:4      | 3107 ||| INVOKING Spit Poison.
  3111 | D:4      | 3111 ||| INVOKING Spit Poison.
  3195 | D:4      | Found a basalt altar of Yredelemnul.
  3196 | D:4      | Noticed Natasha
  3197 | D:4      | 3197 ||| INVOKING Spit Poison.
  3198 | D:4      | Killed Natasha
  3198 | D:4      | Reached * piety under Okawaru
  3199 | D:4      | Reached XP level 7. HP: 64/64 MP: 7/7
  3417 | D:4      | Found a shimmering blue altar of Sif Muna.
  3422 | D:4      | 3422 ||| READING scroll labelled CIAXTI ADOUKK.
  3423 | D:4      | 3423 ||| READING 2 scrolls of identify.
  3423 | D:4      | 3423 ||| IDENTIFYING sedimented blue potion
  3424 | D:4      | 3424 ||| DROPPING potion of enlightenment.
  3465 | D:5      | Entered Level 5 of the Dungeon
  3483 | D:5      | 3483 ||| SWAPPING to +0 arbalest.
  3484 | D:5      | 3484 ||| DROPPING +2 heavy sling.
  3592 | D:5      | Reached skill level 1 in Invocations
  3628 | D:5      | 3628 ||| INVOKING Heroism.
  3637 | D:5      | Reached skill level 7 in Ranged Weapons
  3831 | D:5      | 3831 ||| INVOKING Spit Poison.
  3836 | D:5      | 3836 ||| INVOKING Spit Poison.
  3840 | D:5      | 3840 ||| INVOKING Spit Poison.
  3843 | D:5      | 3843 ||| INVOKING Heroism.
  3844 | D:5      | 3844 ||| INVOKING Spit Poison.
  4004 | D:5      | 4004 ||| INVOKING Spit Poison.
  4038 | D:5      | 4038 ||| INVOKING Spit Poison.
  4041 | D:5      | 4041 ||| INVOKING Spit Poison.
  4044 | D:5      | Reached skill level 3 in Invocations
  4078 | D:5      | 4078 ||| INVOKING Heroism.
  4079 | D:5      | 4079 ||| INVOKING Spit Poison.
  4084 | D:5      | 4084 ||| INVOKING Spit Poison.
  4086 | D:5      | Reached skill level 1 in Armour
  4177 | D:5      | 4177 ||| INVOKING Spit Poison.
  4187 | D:5      | 4187 ||| INVOKING Spit Poison.
  4192 | D:5      | 4192 ||| INVOKING Spit Poison.
  4196 | D:5      | 4196 ||| INVOKING Spit Poison.
  4200 | D:5      | 4200 ||| INVOKING Spit Poison.
  4258 | D:5      | 4258 ||| INVOKING Spit Poison.
  4262 | D:5      | 4262 ||| INVOKING Spit Poison.
  4265 | D:5      | Reached XP level 8. HP: 64/72 MP: 10/10
  4539 | D:5      | 4539 ||| UPGRADING to +0 pair of gloves.
  4544 | D:5      | 4544 ||| READING 2 scrolls labelled BEPEKIAFEL.
  4544 | D:5      | Identified 2 scrolls of acquirement
  4544 | D:5      | 4544 ||| ACQUIRING +6 ring of dexterity
  4544 | D:5      | Acquired a +6 ring of dexterity
  4546 | D:5      | 4546 ||| UPGRADING to +6 ring of dexterity.
  4547 | D:5      | 4547 ||| READING scroll of acquirement.
  4547 | D:5      | 4547 ||| ACQUIRING +0 barding of the Skies Above {Rampage
                  | rPois Will+}
  4547 | D:5      | Acquired the +0 barding of the Skies Above {Rampage rPois
                  | Will+}
  4549 | D:5      | 4549 ||| UPGRADING to +0 barding of the Skies Above
                  | {Rampage rPois Will+}.
  4554 | D:5      | 4554 ||| DRINKING 2 fizzy orange potions.
  4555 | D:5      | 4555 ||| READING 2 scrolls of identify.
  4555 | D:5      | 4555 ||| IDENTIFYING viscous coppery potion
  4556 | D:5      | 4556 ||| DROPPING potion of berserk rage.
  4569 | D:6      | 4569 ||| PLANNING SEWER
  4569 | D:6      | 4569 ||| INVOKING Heroism.
  4570 | D:6      | 4570 ||| INVOKING Spit Poison.
  4573 | D:6      | 4573 ||| INVOKING Spit Poison.
  4579 | D:6      | 4579 ||| INVOKING Spit Poison.
  4640 | D:6      | 4640 ||| INVOKING Heroism.
  4726 | D:6      | 4726 ||| INVOKING Spit Poison.
  4731 | D:6      | 4731 ||| INVOKING Spit Poison.
  4732 | D:6      | 4732 ||| INVOKING Heroism.
  4733 | D:6      | HP: 15/64 [wight/+0 falchion (8)]
  4734 | D:6      | HP: 5/65 [wight/+4 falchion (9)]
  4736 | D:6      | Slain by a wight

Levels and vault maps discovered:
D:1:      scummos_arrival_hexagon, layout_basic
D:2:      layout_loops_ring, uniq_robin
D:3:      layout_basic, lemuel_doored_altar, serial_shops, shop, minivault_4,
          kennysheep_crisscross
D:4:      layout_cave_pods, fedhas_ov_isle_minmay, mainiacjoe_overflow_chevrons,
          gammafunk_temple_overflow_pools, minmay_temple_entry_butterflies,
          uniq_natasha
D:5:      layout_gridville
D:6:      layout_loops_ring, gup_sewer_entry_spiral, uniq_maggie
Temple:   nicolae_temple_bog_church

Skill      XL: |  1  2  3  4  5  6  7  8 |
---------------+-------------------------+-----
Ranged Weapons | 4 5 6 7 |  7.6
Fighting       | 3 4 |  4.0
Invocations    | 3 4 |  4.1
Dodging        | 2 |  2.0
Armour         | 1 2 |  2.1
Stealth        | |  1.5

Action                     |  1- 3 |  4- 6 |  7- 9 || total
---------------------------+-------+-------+-------++-------
   Fire: Shortbow          |    48 |       |       ||    48
         Sling             |     7 |    98 |     3 ||   108
         Arbalest          |       |       |    85 ||    85
 Invoke: Heroism           |       |       |     6 ||     6
Ability: Spit Poison       |    19 |    38 |    21 ||    78
    Use: Scroll            |     7 |     2 |     5 ||    14
         Potion            |     1 |     1 |     1 ||     3
 Armour: Leather armour    |     8 |    14 |    48 ||    70
  Dodge: Dodged            |    13 |    23 |    52 ||    88

Table legend:
 A = Non-vault XP
 B = Vault XP
 C = Vault XP percentage of total XP
 D = Non-vault monster count
 E = Vault monster count
 F = Vault count percentage of total count
                 A         B        C        D         E       F
            +---------+---------+-------+---------+---------+-------
      Total |    1541 |      72 |   4.5 |      99 |      13 |  11.6
            +---------+---------+-------+---------+---------+-------
        D:1 |      23 |       0 |   0.0 |      13 |       0 |   0.0
        D:2 |      19 |      37 |  66.1 |      11 |      12 |  52.2
        D:3 |     196 |       0 |   0.0 |      33 |       0 |   0.0
        D:4 |     350 |      35 |   9.1 |      20 |       1 |   4.8
        D:5 |     593 |       0 |   0.0 |      17 |       0 |   0.0
        D:6 |     360 |       0 |   0.0 |       5 |       0 |   0.0
            +---------+---------+-------+---------+---------+-------
